 Dungeon Crawl Stone Soup version 0.25-a0-503-ge281fa673e (console) character file.

Game seed: 11440269268504549890, levelgen mode: deterministic

3104 utis the Nimble (level 9, -4/55 HPs)
             Began as a Tengu Venom Mage on Feb 13, 2020.
             Slain by an orc warrior
             ... wielding a +0 war axe
              (9 damage)
             ... in a bailey.
             The game lasted 00:34:37 (11012 turns).

utis the Nimble (Tengu Venom Mage)                 Turns: 11012, Time: 00:34:37

Health: -4/55      AC: 16    Str: 13    XL:     9   Next: 90%
Magic:  23/23      EV: 10    Int: 15    God:
Gold:   222        SH:  0    Dex: 14    Spells: 4/14 levels left

rFire    . . .     SeeInvis .   s - +2 trident (protect)
rCold    . . .     Gourm    .   (no shield)
rNeg     + . .     Faith    .   J - +0 chain mail (curse)
rPois    .         Spirit   .   (helmet restricted)
rElec    .         Reflect  .   (no cloak)
rCorr    .         Harm     .   n - +0 pair of gloves
MR       .....                  (boots unavailable)
Stlth    ..........             (no amulet)
HPRegen  0.18/turn              N - ring of positive energy
MPRegen  0.18/turn              W - ring of magical power

@: protection aura, flying quickly and evasively, quick
A: beak, talons 3, able to fly
a: Stop Flying


You were in a bailey.
You were hungry.

You visited 1 branch of the dungeon, and saw 7 of its levels.
You also visited: Bailey.

You collected 222 gold pieces.

Inventory:

Hand Weapons
 a - a +1 war axe of venom
 b - a +0 hunting sling
 f - a +0 dagger
 l - a +0 spear
 s - a +2 trident of protection (weapon)
 w - a +0 hunting sling
 E - a +2 dagger of holy wrath
 H - a +0 flail
Missiles
 g - 170 stones
 v - 11 poisoned darts
 z - 26 sling bullets
 C - 2 boomerangs (quivered)
Armour
 e - a +0 robe
 h - a +0 ring mail
 n - a +0 pair of gloves (worn)
 p - a +0 scale mail
 D - a +0 leather armour
 J - a cursed +0 chain mail (worn)
Jewellery
 N - a ring of positive energy (left hand)
 W - a ring of magical power (right hand)
Wands
 r - a wand of digging (2)
 x - a wand of scattershot (4)
 y - a wand of clouds (1)
Scrolls
 d - a scroll of enchant weapon
 i - 4 scrolls of teleportation {@r4}
 k - 3 scrolls of amnesia {unknown}
 m - a scroll of blinking {unknown}
 q - a scroll of magic mapping
 t - a scroll of noise {unknown}
Potions
 j - 2 potions of brilliance {unknown}
 o - a potion of haste {@q3}
 u - a potion of agility
 A - a potion of might
 B - a potion of degeneration {unknown}
 G - a potion of curing {@q1}
Comestibles
 c - 6 rations {@e1}
 F - 5 chunks of flesh


   Skills:
 - Level 5.7 Fighting
 - Level 9.1 Dodging
 - Level 2.0 Stealth
 + Level 3.1 Spellcasting
 - Level 0.7 Transmutations
 * Level 7.2 Air Magic
 * Level 7.2 Poison Magic


You had 4 spell levels left.
You knew the following spells:

 Your Spells              Type           Power        Failure   Level  Hunger
a - Sting                 Tmut/Pois      ##..         82%         1    #......
p - Mephitic Cloud        Conj/Pois/Air  ###.....     97%         3    ###....
X - Olgreb's Toxic Radia  Pois           ###.....     98%         4    #####..
Y - Poisonous Vapours     Pois/Air       ###...       50%         2    ##.....

Your spell library contained the following spells:

 Spells                   Type           Power        Failure   Level  Hunger
 Beastly Appendage        Tmut           #.....       99%         1    #......
 Spider Form              Tmut/Pois      ##........   99%         3    ###....
 Corona                   Hex            #......      100%        1    #......
 Freeze                   Ice            #...         100%        1    #......
 Magic Dart               Conj           #...         100%        1    #......
 Searing Ray              Conj           #.....       100%        2    ##.....
 Slow                     Hex            #.......     100%        2    ##.....
 Sticks to Snakes         Tmut           #.......     100%        2    ##.....
 Dazzling Flash           Conj/Hex       #.....       100%        3    ###....
 Frozen Ramparts          Ice            #.....       100%        3    ###....
 Ignite Poison            Fire/Tmut/Pois ##......     100%        3    ###....
 Inner Flame              Hex/Fire       #.......     100%        3    ###....
 Ozocubu's Armour         Chrm/Ice       #.......     100%        3    ###....
 Portal Projectile        Hex/Tloc       #.....       100%        3    ###....
 Cause Fear               Hex            #.........   100%        4    #####..
 Fulminant Prism          Conj/Hex       #.........   100%        4    #####..
 Hailstorm                Conj/Ice       #.......     100%        4    #####..
 Ice Form                 Ice/Tmut       #.......     100%        4    #####..
 Iskenderun's Mystic Bla  Conj/Tloc      #.......     100%        4    #####..
 Leda's Liquefaction      Hex/Erth       #.........   100%        4    #####..
 Summon Ice Beast         Ice/Summ       #.......     100%        4    #####..
 Blade Hands              Tmut           #.........   100%        5    ######.


Dungeon Overview and Level Annotations

Branches:
Dungeon (7/15)             Temple (0/1) D:6          Bailey (1/1)

Altars:
Cheibriados
Elyvilon
Gozag
Hepliaklqana
Makhleb
Ru
Vehumet
Wu Jian
Xom

Annotations:
D:6 exclusion: statue


Innate Abilities, Weirdness & Mutations

You have a beak for a mouth.
You have claws for feet.
You can fly continuously.


Message History

Your chain mail prevents you from hitting the orc warrior.
You claw the orc warrior, but do no damage.
The orc warrior is heavily wounded.
You hit the orc warrior but do no damage.
You claw the orc warrior. You peck the orc warrior.
The orc warrior is almost dead.
The goblin barely misses you. The orc warrior barely misses you.
The goblin completely misses you.
You catch the helpless orc warrior completely off-guard!
You hit the orc warrior but do no damage.
You claw the orc warrior, but do no damage.
You peck the orc warrior, but do no damage.
The orc warrior is almost dead.
The orc warrior hits you with a +0 war axe!
* * * LOW HITPOINT WARNING * * *
The goblin hits you but does no damage.
You barely miss the orc warrior.
The orc warrior is severely wounded.
The orc warrior hits you with a +0 war axe!
You die...

≈≈≈≈≈≈≈≈g▒.8.▒▒▒▒▒▒ ▒▒▒.8.▒
≈≈≈≈≈≈≈≈.▒...).▒▒▒▒▒▒▒.....▒
≈≈≈≈≈≈≈≈.▒.8og.▒.....▒...8.▒
≈≈≈≈≈≈≈≈.▒..g..▒.....▒.....▒
≈≈≈≈≈≈≈▒'▒▒▒▒g.▒..⌠..▒..▒▒▒▒
≈≈≈≈≈≈≈▒... ▒.o'.g...'..▒ ▒≈≈≈
≈≈≈≈≈≈≈▒....▒.)'.o...'..▒ ▒≈≈≈
≈≈≈≈≈≈≈▒▒▒..▒▒▒▒▒g)'▒▒▒▒▒ ▒≈≈≈
≈≈≈≈≈≈≈▒ ..▒...Qo......▒ ▒≈≈≈
≈≈≈≈≈≈≈▒▒▒▒▒▒≈≈≈≈...≈≈≈≈▒▒▒▒▒▒≈≈≈
≈≈≈≈≈≈≈≈≈≈≈≈≈≈≈≈≈...≈≈≈≈≈≈≈≈≈≈≈≈≈
≈≈≈≈≈≈≈≈≈≈≈≈≈≈≈≈≈...≈≈≈≈≈≈≈≈≈≈≈≈≈
≈≈≈≈≈≈≈≈≈≈≈≈≈≈≈≈≈...≈≈≈≈≈≈≈≈≈≈≈≈≈
≈≈≈≈≈≈≈≈≈≈≈≈≈≈≈≈≈...≈≈≈≈≈≈≈≈≈≈≈≈≈
≈≈≈≈≈≈≈≈≈≈≈≈≈≈.........≈≈≈≈≈≈≈≈≈≈
░░░░░░░░░░░░░░░..)....░░░░░░░░░░░
░..))...░


You could see 2 orc warriors, a hobgoblin and a goblin.

Vanquished Creatures
  An orc sorcerer (Bailey)
  A kobold demonologist (Bailey)
  4 orc warriors
  2 phantoms
  2 ogres
  A centaur (D:7)
  A bullfrog (D:5)
  A scorpion (D:5)
  4 wights (D:7)
  A howler monkey (D:4)
  A crimson imp (D:6)
  A bullfrog zombie (D:5)
  2 jellies (D:6)
  7 orc priests
  A bullfrog skeleton (D:5)
  4 hounds
  5 orc wizards
  2 centaur skeletons (D:5)
  4 iguanas
  Jessica (D:2)
  6 worker ants
  A hound skeleton (D:7)
  8 gnolls
  10 adders
  2 shadow imps (D:6)
  3 oozes
  An adder zombie (D:5)
  An adder skeleton (D:3)
  5 worms
  3 dart slugs
  2 leopard geckos
  29 orcs
  3 ball pythons
  3 giant cockroaches
  11 goblins
  15 hobgoblins
  9 jackals
  A quokka (D:3)
  6 bats
  6 frilled lizards
  9 kobolds
  A leopard gecko skeleton (D:5)
  5 rats
186 creatures vanquished.

Vanquished Creatures (others)
  An electric eel (Bailey)
1 creature vanquished.

Grand Total: 187 creatures vanquished

Notes
Turn   | Place    | Note
-------+----------+-------------------------------------------
     0 | D:1      | utis the Tengu Venom Mage began the quest for the Orb.
     0 | D:1      | Reached XP level 1. HP: 10/10 MP: 4/4
   240 | D:1      | Reached XP level 2. HP: 15/15 MP: 6/6
   757 | D:1      | Reached skill level 3 in Dodging
  1033 | D:1      | Reached XP level 3. HP: 19/19 MP: 7/7
  1289 | D:1      | Learned a level 2 spell: Poisonous Vapours
  1293 | D:1      | Learned a level 3 spell: Mephitic Cloud
  1671 | D:2      | Found a hazy altar of Hepliaklqana.
  1671 | D:2      | Found a white marble altar of Elyvilon.
  1679 | D:2      | Found an ornate altar of the Wu Jian Council.
  1681 | D:2      | Found a shimmering altar of Xom.
  1683 | D:2      | Found a burning altar of Makhleb.
  1767 | D:2      | Noticed Jessica
  1780 | D:2      | Killed Jessica
  1780 | D:2      | Reached XP level 4. HP: 24/24 MP: 4/8
  2377 | D:2      | Found a sacrificial altar of Ru.
  2433 | D:2      | Reached skill level 4 in Dodging
  2436 | D:2      | Reached skill level 1 in Air Magic
  2615 | D:3      | Gained mutation: You can fly continuously. [Tengu growth]
  2615 | D:3      | Reached XP level 5. HP: 17/28 MP: 7/9
  4276 | D:3      | Reached XP level 6. HP: 32/32 MP: 6/10
  4415 | D:4      | Noticed an orc warrior
  4419 | D:3      | HP: 1/32 [worker ant (3)]
  5074 | D:3      | Killed an orc warrior
  5074 | D:3      | Reached skill level 5 in Dodging
  5074 | D:3      | Reached skill level 5 in Poison Magic
  5559 | D:4      | Reached XP level 7. HP: 36/36 MP: 9/11
  5996 | D:4      | Reached skill level 5 in Air Magic
  6058 | D:4      | Reached skill level 6 in Dodging
  7009 | D:4      | Reached XP level 8. HP: 31/42 MP: 8/12
  7109 | D:5      | Entered Level 5 of the Dungeon
  7139 | D:4      | Reached skill level 1 in Fighting
  7361 | D:5      | Reached skill level 7 in Dodging
  7419 | D:5      | Learned a level 4 spell: Olgreb's Toxic Radiance
  7675 | D:5      | Found an opulent altar of Gozag.
  8283 | D:5      | Reached skill level 8 in Dodging
  8432 | D:6      | Found a staircase to the Ecumenical Temple.
  8661 | D:6      | Reached XP level 9. HP: 52/52 MP: 13/13
  9057 | D:6      | shit
  9083 | D:6      | Found a snail-covered altar of Cheibriados.
  9113 | D:6      | Found a radiant altar of Vehumet.
  9340 | D:7      | Reached skill level 5 in Fighting
  9413 | D:7      | Found a flagged portal.
  9429 | D:7      | Reached skill level 9 in Dodging
  9473 | Bailey   | Entered a bailey
 10630 | Bailey   | Found an iron altar of Okawaru.
 10630 | Bailey   | Noticed a kobold demonologist
 10630 | Bailey   | Noticed an orc sorcerer
 10632 | Bailey   | Noticed a red devil
 10833 | Bailey   | Noticed an ice devil
 10842 | Bailey   | Killed an orc sorcerer
 10846 | Bailey   | Killed a kobold demonologist
 11012 | Bailey   | Slain by an orc warrior

Levels and vault maps discovered:
D:1:      scummos_arrival_hexagon, layout_loops_ring
D:2:      layout_basic, nicolae_ru_path_of_blood,
          chequers_temple_overflow_minitemple, uniq_jessica
D:3:      layout_basic, minmay_fractal_squares_diagonal_5
D:4:      layout_basic, first_ration
D:5:      layout_cave_pools, nicolae_gozag_seed_capital, minmay_misc_feat_roman
D:6:      layout_rooms, vehumet_statue, slow_altar_1, minmay_temple_entry_arrows
D:7:      gammafunk_steamed_eel, layout_loops_corners, enter_bailey_6,
          uniq_crazy_yiuf_cottage
Bailey:   bailey_axe_of_yendor_kennysheep, bailey

Skill      XL: |  1  2  3  4  5  6  7  8  9 |
---------------+----------------------------+-----
Dodging        | 3 4 5 6 8 9 |  9.1
Poison Magic   | 4 5 6 7 |  7.2
Air Magic      | 1 2 4 5 7 |  7.2
Fighting       | 4 5 |  5.7
Spellcasting   | 3 |  3.1
Stealth        | |  2.0
Transmutations | |  0.7

Action                   |  1- 3 |  4- 6 |  7- 9 || total
-------------------------+-------+-------+-------++-------
Melee: Spear             |    47 |    12 |       ||    59
       Kick              |     6 |    12 |    66 ||    84
       Peck              |     5 |    12 |    31 ||    48
       Dagger            |       |    31 |       ||    31
       War axe           |       |    49 |    41 ||    90
       Trident           |       |       |   237 ||   237
 Fire: Hunting sling     |     4 |     2 |       ||     6
Throw: Stone             |    13 |     2 |     3 ||    18
       Boomerang         |       |       |    33 ||    33
 Cast: Sting             |    22 |    31 |    23 ||    76
       Poisonous Vapours |     3 |    27 |    51 ||    81
 Abil: Fly               |       |     1 |       ||     1
Evoke: Wand              |       |       |     5 ||     5
  Use: Scroll            |       |     9 |     6 ||    15
       Potion            |       |     1 |       ||     1
 Stab: Sleeping          |     2 |     3 |       ||     5
       Distracted        |       |     1 |     1 ||     2
       Confused          |       |       |     2 ||     2
  Eat: Chunk             |     3 |    11 |    15 ||    29
       Ration            |       |     1 |     2 ||     3
Armor: Robe              |    14 |     8 |       ||    22
       Leather armour    |       |     6 |     3 ||     9
       Ring mail         |       |       |    37 ||    37
       Chain mail        |       |       |    48 ||    48
Dodge: Dodged            |    19 |    67 |   190 ||   276

Table legend:
 A = Non-vault XP
 B = Vault XP
 C = Vault XP percentage of total XP
 D = Non-vault monster count
 E = Vault monster count
 F = Vault count percentage of total count
                 A         B        C        D         E       F
            +---------+---------+-------+---------+---------+-------
      Total |    2961 |    1474 |  33.2 |     161 |      26 |  13.9
            +---------+---------+-------+---------+---------+-------
        D:1 |      38 |       0 |   0.0 |      19 |       0 |   0.0
        D:2 |      80 |      37 |  31.6 |      25 |       1 |   3.8
        D:3 |     301 |      44 |  12.8 |      31 |       7 |  18.4
        D:4 |     850 |       0 |   0.0 |      34 |       0 |   0.0
        D:5 |     782 |       0 |   0.0 |      23 |       0 |   0.0
        D:6 |     336 |       5 |   1.5 |      17 |       1 |   5.6
        D:7 |     574 |       0 |   0.0 |      12 |       0 |   0.0
     Bailey |       0 |    1388 | 100.0 |       0 |      17 | 100.0
            +---------+---------+-------+---------+---------+-------
